TOP OF THE 1ST |
University of Toronto Marlies batting - Pitching for University of North Carolina at Chapel Hill Tar Heels : LHP Gabe Zarco
|
Pitching: LHP Gabe Zarco
|
|
Batting: SHB Jose Melendez
|
0-0: Fly out, F3 (Popup, 3S, EV 80.6 MPH)
|
Batting: LHB Efrem Isaev
|
0-0: SINGLE (Groundball, 56D, EV 102.5 MPH)
|
Batting: RHB Logan Johnson
|
0-0: Called Strike 0-1: Reached on error, E1 (Groundball, P, EV 69.4 MPH) Efrem Isaev to second
|
Batting: SHB Jack Tierney
|
0-0: Called Strike Efrem Isaev steals 3rd base Logan Johnson to second 0-1: Ball 1-1: Foul Ball, location: 2F 1-2: Ground out 3-1 (Groundball, 34, EV 106.9 MPH) Efrem Isaev scores Logan Johnson to third
|
Batting: RHB Rich Vanegas
|
0-0: Ball 1-0: Called Strike 1-1: Ground out 3-1 (Groundball, 34S, EV 90.0 MPH)
|
Top of the 1st over - 1 run, 1 hit, 1 error, 1 left on base; University of Toronto 1 - University of North Carolina at Chapel Hill 0 |
BOTTOM OF THE 1ST |
University of North Carolina at Chapel Hill Tar Heels batting - Pitching for University of Toronto Marlies : RHP Brad Cannell
|
Pitching: RHP Brad Cannell
|
|
Batting: RHB Bill Atley
|
0-0: Ball 1-0: Swinging Strike 1-1: Swinging Strike 1-2: Fly out, F8 (Line Drive, 8LM, EV 96.9 MPH)
|
Batting: SHB Ryan Marsh
|
0-0: Ball 1-0: Ball 2-0: Ball 3-0: Called Strike 3-1: Base on Balls
|
Batting: LHB Ryan Young
|
0-0: Ball 1-0: Called Strike Ryan Marsh steals 2nd base 1-1: Fly out, F8 (Flyball, 8LS, EV 89.4 MPH)
|
Batting: RHB Jeremy Rollins
|
0-0: Ball 1-0: Foul Ball, location: 2F 1-1: Ball 2-1: Foul Ball, location: 2F 2-2: Hit by Pitch
|
Batting: SHB Sam Fredrick
|
0-0: Ball 1-0: Ball 2-0: Called Strike 2-1: Foul Ball, location: 2F 2-2: Ball 3-2: Base on Balls Ryan Marsh to third Jeremy Rollins to second
|
Batting: RHB Tan Halit
|
0-0: Foul Ball, location: 2F 0-1: Ball 1-1: Foul Ball, location: 2F 1-2: Ball 2-2: Foul Ball, location: 2F 2-2: Foul Ball, location: 2F 2-2: SINGLE (Flyball, 9LS, EV 93.1 MPH) Ryan Marsh scores Jeremy Rollins to third Sam Fredrick to second Runner from 3rd tries for Home, SAFE, throw by RF to home
|
Batting: SHB Jim Saxon
|
0-0: Called Strike 0-1: Foul Ball, location: 2F 0-2: Strikes out swinging
|
Bottom of the 1st over - 2 runs, 1 hit, 0 errors, 2 left on base; University of Toronto 1 - University of North Carolina at Chapel Hill 2 |
TOP OF THE 2ND |
University of Toronto Marlies batting - Pitching for University of North Carolina at Chapel Hill Tar Heels : LHP Gabe Zarco
|
Batting: RHB Jeff McClellan
|
0-0: Called Strike 0-1: Ball 1-1: Swinging Strike 1-2: Ball 2-2: Ball 3-2: Strikes out swinging
|
Batting: RHB George Sonier
|
0-0: Called Strike 0-1: Ball 1-1: Ball 2-1: Ball 3-1: Foul Ball, location: 2F 3-2: Strikes out swinging
|
Batting: SHB Ronnie Lundy
|
0-0: Called Strike 0-1: Swinging Strike 0-2: Ball 1-2: Foul Ball, location: 2F 1-2: Foul Ball, location: 2F 1-2: Ball 2-2: Ball 3-2: Ground out 6-3 (Groundball, 6, EV 81.9 MPH)
|
Top of the 2nd over - 0 runs, 0 hits, 0 errors, 0 left on base; University of Toronto 1 - University of North Carolina at Chapel Hill 2 |
BOTTOM OF THE 2ND |
University of North Carolina at Chapel Hill Tar Heels batting - Pitching for University of Toronto Marlies : RHP Brad Cannell
|
Batting: RHB Scott Hansen
|
0-0: Ball 1-0: Called Strike 1-1: Ball 2-1: Ball 3-1: Foul Ball, location: 2F 3-2: Foul Ball, location: 2F 3-2: Strikes out looking
|
Batting: RHB Tony Jennings
|
0-0: Called Strike 0-1: Ball 1-1: Ground out 5-3 (Groundball, 25, EV 83.8 MPH)
|
Batting: RHB Bill Atley
|
0-0: Foul Ball, location: 2F 0-1: Ground out 5-3 (Groundball, 5, EV 108.8 MPH)
|
Bottom of the 2nd over - 0 runs, 0 hits, 0 errors, 0 left on base; University of Toronto 1 - University of North Carolina at Chapel Hill 2 |
TOP OF THE 3RD |
University of Toronto Marlies batting - Pitching for University of North Carolina at Chapel Hill Tar Heels : LHP Gabe Zarco
|
Batting: RHB Charlie Townend
|
0-0: Called Strike 0-1: Fly out, F8 (Flyball, 8RM, EV 81.9 MPH)
|
Batting: SHB Jose Melendez
|
0-0: Ball 1-0: Ball 2-0: Ground out 4-3 (Groundball, 4, EV 83.8 MPH)
|
Batting: LHB Efrem Isaev
|
0-0: Called Strike 0-1: Ball 1-1: Ball 2-1: Swinging Strike 2-2: Ground out 4-3 (Groundball, 4, EV 78.8 MPH)
|
Top of the 3rd over - 0 runs, 0 hits, 0 errors, 0 left on base; University of Toronto 1 - University of North Carolina at Chapel Hill 2 |
BOTTOM OF THE 3RD |
University of North Carolina at Chapel Hill Tar Heels batting - Pitching for University of Toronto Marlies : RHP Brad Cannell
|
Batting: SHB Ryan Marsh
|
0-0: Called Strike 0-1: Ground out 4-3 (Groundball, 4, EV 90.6 MPH)
|
Batting: LHB Ryan Young
|
0-0: Ball 1-0: Swinging Strike 1-1: Foul Ball, location: 2F 1-2: Ball 2-2: Foul Ball, location: 2F 2-2: Strikes out swinging
|
Batting: RHB Jeremy Rollins
|
0-0: Ball 1-0: Ball 2-0: Ground out U3 (Groundball, 34S, EV 71.2 MPH)
|
Bottom of the 3rd over - 0 runs, 0 hits, 0 errors, 0 left on base; University of Toronto 1 - University of North Carolina at Chapel Hill 2 |
TOP OF THE 4TH |
University of Toronto Marlies batting - Pitching for University of North Carolina at Chapel Hill Tar Heels : LHP Gabe Zarco
|
Batting: RHB Logan Johnson
|
0-0: Called Strike 0-1: Ball 1-1: Ball 2-1: Fly out, F8 (Flyball, 89D, EV 83.1 MPH)
|
Batting: SHB Jack Tierney
|
0-0: Called Strike 0-1: Ball 1-1: Called Strike 1-2: Strikes out swinging, 2-3 out at first.
|
Batting: RHB Rich Vanegas
|
0-0: Ball 1-0: Ball 2-0: Called Strike 2-1: Called Strike 2-2: Fly out, F6 (Popup, 6M, EV 68.8 MPH)
|
Top of the 4th over - 0 runs, 0 hits, 0 errors, 0 left on base; University of Toronto 1 - University of North Carolina at Chapel Hill 2 |
BOTTOM OF THE 4TH |
University of North Carolina at Chapel Hill Tar Heels batting - Pitching for University of Toronto Marlies : RHP Brad Cannell
|
Batting: SHB Sam Fredrick
|
0-0: Ball 1-0: Called Strike 1-1: Foul Ball, location: 2F 1-2: Ball 2-2: Ball 3-2: Foul Ball, location: 2F 3-2: Ground out U3 (Groundball, 34, EV 98.1 MPH)
|
Batting: RHB Tan Halit
|
0-0: Ball 1-0: Foul Ball, location: 2F 1-1: Swinging Strike 1-2: Ball 2-2: Fly out, F9 (Flyball, 89S, EV 86.9 MPH)
|
Batting: SHB Jim Saxon
|
0-0: Ball 1-0: Ball 2-0: Ball 3-0: Base on Balls
|
Batting: RHB Scott Hansen
|
0-0: Ball 1-0: Ground out 4-3 (Groundball, 34, EV 86.9 MPH)
|
Bottom of the 4th over - 0 runs, 0 hits, 0 errors, 1 left on base; University of Toronto 1 - University of North Carolina at Chapel Hill 2 |
TOP OF THE 5TH |
University of Toronto Marlies batting - Pitching for University of North Carolina at Chapel Hill Tar Heels : LHP Gabe Zarco
|
Now in RF: Mike Storey
|
|
Batting: RHB Jeff McClellan
|
0-0: Foul Ball, location: 2F 0-1: Ball 1-1: Ground out 6-3 (Groundball, 6, EV 100.6 MPH)
|
Batting: RHB George Sonier
|
0-0: Foul Ball, location: 2F 0-1: Swinging Strike 0-2: SINGLE (Line Drive, 6M, EV 94.4 MPH)
|
Batting: SHB Ronnie Lundy
|
0-0: Ball 1-0: Called Strike 1-1: Ball 2-1: Fly out, F7 (Flyball, 78M, EV 80.0 MPH)
|
Batting: RHB Charlie Townend
|
0-0: Ball 1-0: Foul Ball, location: 2F 1-1: Swinging Strike 1-2: Ball 2-2: Foul Ball, location: 2F 2-2: Foul Ball, location: 2F 2-2: Foul Ball, location: 2F 2-2: Fielders Choice at 2nd, 5-4 (Groundball, 56, EV 76.9 MPH)
|
Top of the 5th over - 0 runs, 1 hit, 0 errors, 1 left on base; University of Toronto 1 - University of North Carolina at Chapel Hill 2 |
BOTTOM OF THE 5TH |
University of North Carolina at Chapel Hill Tar Heels batting - Pitching for University of Toronto Marlies : RHP Brad Cannell
|
Batting: RHB Tony Jennings
|
0-0: Ball 1-0: Ground out 6-3 (Groundball, 6, EV 96.9 MPH)
|
Batting: RHB Bill Atley
|
0-0: Ball 1-0: Foul Ball, location: 2F 1-1: Ball 2-1: Called Strike 2-2: Foul Ball, location: 2F 2-2: Ball 3-2: Fly out, F3 (Popup, 23F, EV 83.1 MPH)
|
Batting: SHB Ryan Marsh
|
0-0: Called Strike 0-1: Called Strike 0-2: Fly out, F6 (Popup, 6D, EV 47.5 MPH)
|
Bottom of the 5th over - 0 runs, 0 hits, 0 errors, 0 left on base; University of Toronto 1 - University of North Carolina at Chapel Hill 2 |
TOP OF THE 6TH |
University of Toronto Marlies batting - Pitching for University of North Carolina at Chapel Hill Tar Heels : LHP Gabe Zarco
|
Pitching: RHP Jayden Whittick
|
|
Now at C: Kyle Franken
|
|
Batting: SHB Jose Melendez
|
0-0: Called Strike 0-1: Ball 1-1: Swinging Strike 1-2: Foul Ball, location: 2F 1-2: Strikes out looking
|
Batting: LHB Efrem Isaev
|
0-0: Ball 1-0: Foul Ball, location: 2F 1-1: Foul Ball, location: 2F 1-2: Ball 2-2: Fly out, F6 (Popup, 56, EV 56.2 MPH)
|
Pinch Hitting: RHB Elmar Adenauer
|
0-0: Ground out 6-3 (Groundball, 6, EV 80.6 MPH)
|
Top of the 6th over - 0 runs, 0 hits, 0 errors, 0 left on base; University of Toronto 1 - University of North Carolina at Chapel Hill 2 |
BOTTOM OF THE 6TH |
University of North Carolina at Chapel Hill Tar Heels batting - Pitching for University of Toronto Marlies : RHP Brad Cannell
|
Pitching: LHP Archie Creelman
|
|
Now at 3B: Elmar Adenauer
|
|
Batting: LHB Ryan Young
|
0-0: Ball 1-0: SINGLE (Groundball, 6S, EV 63.1 MPH) (infield hit)
|
Batting: RHB Mike Storey
|
0-0: Called Strike 0-1: Ball 1-1: Foul Ball, location: 2F 1-2: Ball 2-2: Strikes out swinging
|
Batting: RHB Brandon Wilson
|
0-0: Called Strike 0-1: Ball 1-1: Grounds into double play, 5-4-3 (Groundball, 5S, EV 82.5 MPH)
|
Bottom of the 6th over - 0 runs, 1 hit, 0 errors, 0 left on base; University of Toronto 1 - University of North Carolina at Chapel Hill 2 |
TOP OF THE 7TH |
University of Toronto Marlies batting - Pitching for University of North Carolina at Chapel Hill Tar Heels : RHP Jayden Whittick
|
Pitching: RHP Jason Kaelber
|
|
Batting: SHB Jack Tierney
|
0-0: Ball 1-0: Swinging Strike 1-1: Called Strike 1-2: Foul Ball, location: 2F 1-2: SOLO HOME RUN (Flyball, 9D, EV 98.8 MPH), Distance : 381 ft
|
Batting: RHB Bill Cranton
|
0-0: Ball 1-0: DOUBLE (Line Drive, 78D, EV 102.5 MPH)
|
Batting: RHB Jeff McClellan
|
0-0: Ball 1-0: Ground out 1-3 (Groundball, 34S, EV 64.4 MPH) Bill Cranton to third
|
Batting: RHB George Sonier
|
0-0: Ball 1-0: Ball 2-0: Called Strike 2-1: Foul Ball, location: 2F 2-2: Ball 3-2: Foul Ball, location: 2F 3-2: Fly out, F8 (Flyball, 8LD, EV 100.6 MPH) Runner from 3rd tags up, SCORES, throw by CF
|
Batting: SHB Ronnie Lundy
|
0-0: Ball 1-0: Foul Ball, location: 2F 1-1: Fly out, F7 (Flyball, 78M, EV 86.9 MPH)
|
Top of the 7th over - 2 runs, 2 hits, 0 errors, 0 left on base; University of Toronto 3 - University of North Carolina at Chapel Hill 2 |
BOTTOM OF THE 7TH |
University of North Carolina at Chapel Hill Tar Heels batting - Pitching for University of Toronto Marlies : LHP Archie Creelman
|
Pitching: LHP Joe Sellick
|
|
Batting: RHB Tan Halit
|
0-0: Ball 1-0: Called Strike 1-1: Called Strike 1-2: Strikes out swinging
|
Batting: SHB Jim Saxon
|
0-0: Ball 1-0: Foul Ball, location: 2F 1-1: Swinging Strike 1-2: Ball 2-2: Ball 3-2: Strikes out swinging
|
Batting: RHB Scott Hansen
|
0-0: Called Strike 0-1: Swinging Strike 0-2: Strikes out swinging
|
Bottom of the 7th over - 0 runs, 0 hits, 0 errors, 0 left on base; University of Toronto 3 - University of North Carolina at Chapel Hill 2 |
TOP OF THE 8TH |
University of Toronto Marlies batting - Pitching for University of North Carolina at Chapel Hill Tar Heels : RHP Jason Kaelber
|
Pitching: RHP Bobby Franco
|
|
Batting: RHB Charlie Townend
|
0-0: Ball 1-0: Ball 2-0: Ball 3-0: Called Strike 3-1: Foul Ball, location: 2F 3-2: Foul Ball, location: 2F 3-2: Base on Balls
|
Batting: SHB Jose Melendez
|
0-0: Called Strike 0-1: Foul Ball, location: 2F 0-2: Ball Passed Ball! Charlie Townend to second 1-2: Ball 2-2: Fly out, F7 (Flyball, 78M, EV 83.8 MPH)
|
Batting: LHB Efrem Isaev
|
0-0: Called Strike 0-1: Foul Ball, location: 2F 0-2: Ball 1-2: SINGLE (Line Drive, 78S, EV 91.9 MPH) Charlie Townend to third
|
Batting: RHB Elmar Adenauer
|
0-0: Foul Ball, location: 2F 0-1: Ball 1-1: Swinging Strike 1-2: Strikes out looking
|
Batting: SHB Jack Tierney
|
0-0: Called Strike 0-1: Foul Ball, location: 2F 0-2: Ball 1-2: Ball Wild Pitch! Charlie Townend scores Efrem Isaev to second 2-2: Ball 3-2: Fly out, F9 (Line Drive, 9S, EV 94.4 MPH)
|
Top of the 8th over - 1 run, 1 hit, 0 errors, 1 left on base; University of Toronto 4 - University of North Carolina at Chapel Hill 2 |
BOTTOM OF THE 8TH |
University of North Carolina at Chapel Hill Tar Heels batting - Pitching for University of Toronto Marlies : LHP Joe Sellick
|
Pitching: RHP Fred George
|
|
Batting: RHB Kyle Franken
|
0-0: Ball 1-0: Swinging Strike 1-1: Ball 2-1: Foul Ball, location: 2F 2-2: Ball 3-2: Foul Ball, location: 2F 3-2: Strikes out looking
|
Batting: RHB Bill Atley
|
0-0: Ball 1-0: Swinging Strike 1-1: Foul Ball, location: 2F 1-2: Ball 2-2: Ball 3-2: Foul Ball, location: 2F 3-2: Strikes out swinging
|
Batting: SHB Ryan Marsh
|
0-0: Ball 1-0: Ball 2-0: Called Strike 2-1: SINGLE (Line Drive, 9S, EV 84.4 MPH)
|
Batting: LHB Ryan Young
|
0-0: Foul Ball, location: 2F 0-1: Called Strike 0-2: Foul Ball, location: 2F 0-2: Ball 1-2: Strikes out swinging
|
Bottom of the 8th over - 0 runs, 1 hit, 0 errors, 1 left on base; University of Toronto 4 - University of North Carolina at Chapel Hill 2 |
TOP OF THE 9TH |
University of Toronto Marlies batting - Pitching for University of North Carolina at Chapel Hill Tar Heels : RHP Bobby Franco
|
Pitching: RHP Didier Pages
|
|
Batting: SHB Shannon Britten
|
0-0: Ball 1-0: Called Strike 1-1: Ball 2-1: SOLO HOME RUN (Flyball, 9LD, EV 91.9 MPH), Distance : 341 ft
|
Batting: RHB Jeff McClellan
|
0-0: Foul Ball, location: 2F 0-1: Foul Ball, location: 2F 0-2: Foul Ball, location: 2F 0-2: Ball 1-2: Ground out 1-3 (Groundball, P, EV 73.1 MPH)
|
Pinch Hitting: SHB Conrade Gordon
|
0-0: Ball 1-0: Called Strike 1-1: Ground out 4-3 (Groundball, 4, EV 83.1 MPH)
|
Batting: SHB Ronnie Lundy
|
0-0: Ball 1-0: Called Strike 1-1: Ball 2-1: Fly out, F8 (Flyball, 8LS, EV 93.8 MPH)
|
Top of the 9th over - 1 run, 1 hit, 0 errors, 0 left on base; University of Toronto 5 - University of North Carolina at Chapel Hill 2 |
BOTTOM OF THE 9TH |
University of North Carolina at Chapel Hill Tar Heels batting - Pitching for University of Toronto Marlies : RHP Fred George
|
Pitching: RHP Norm Wamboldt
|
|
Now at C: Conrade Gordon
|
|
Batting: RHB Mike Storey
|
0-0: Ball 1-0: Ball 2-0: Ball 3-0: Called Strike 3-1: Foul Ball, location: 2F 3-2: Base on Balls
|
Batting: RHB Brandon Wilson
|
0-0: Swinging Strike 0-1: Swinging Strike 0-2: Strikes out swinging
|
Batting: RHB Tan Halit
|
0-0: Ball 1-0: Ball 2-0: SINGLE (Line Drive, 8LS, EV 95.0 MPH) Mike Storey to second
|
Batting: SHB Jim Saxon
|
0-0: SINGLE (Line Drive, 89M, EV 90.6 MPH) Mike Storey to third Tan Halit to second
|
Batting: RHB Scott Hansen
|
0-0: Called Strike 0-1: Foul Ball, location: 2F 0-2: Ball 1-2: Foul Ball, location: 2F 1-2: Foul Ball, location: 2F 1-2: Ball Wild Pitch! Mike Storey scores Tan Halit to third Jim Saxon to second 2-2: Strikes out swinging
|
Pitching: LHP John Sceviour
|
|
Batting: RHB Kyle Franken
|
0-0: Ball 1-0: Swinging Strike 1-1: Called Strike 1-2: Ball 2-2: Strikes out swinging
|
Bottom of the 9th over - 1 run, 2 hits, 0 errors, 2 left on base; University of Toronto 5 - University of North Carolina at Chapel Hill 3 |
|